Map: Automaton LE

Players

TYTY (TY) - Winner!

  • Race: Terran Terran
  • League: Master
  • Spawn Location: 9:00

Classic

  • Race: Protoss Protoss
  • League: Master
  • Spawn Location: 3:00

Event: IEM Season 13 - Katowice Server Qualifiers Asia 2

VOD

Have the link to the VOD?

Description

Time

  • Played on: Jan. 22, 2019, 6:43 a.m.
  • Length: 11:56

All games in this series

Show
View Real Time Build Order
Export as new Build Order

TYTY Terran - Winner!

Build Orders: 1/1/1, Liberator Opening 

Get SALT Encoding   

  12  0:00  SCV  
  13  0:12  SCV  
  14  0:17  Supply Depot  
  14  0:24  SCV  
  15  0:39  Barracks, SCV  
  16  0:45  Refinery  
  16  0:51  SCV  
  16  0:56  Refinery  
  17  1:03  SCV  
  18  1:15  SCV  
  19  1:26  Reaper  
  19  1:28  Orbital Command  
  19  1:30  Supply Depot  
  20  1:44  Factory  
  20  1:54  SCV  
  21  2:04  Barracks Reactor  
  21  2:07  SCV  
  22  2:19  SCV  
  23  2:28  Starport  
  23  2:31  SCV, Supply Depot  
  24  2:43  Hellion  
  24  2:44  Hellion  
  29  2:53  Liberator  
  28  3:00  Command Center  
  28  3:05  Hellion  
  31  3:14  Hellion  
  33  3:23  SCV  
  34  3:27  Supply Depot  
  34  3:29  Barracks Tech Lab  
  34  3:35  SCV  
  37  3:48  SCV  
  36  3:53  Marine x2, Siege Tank  
  41  3:58  Starport Tech Lab  
  41  4:00  SCV, Supply Depot  
  42  4:11  Marine  
  42  4:12  SCV  
  44  4:18  Banshee  
  44  4:22  Marine  
  46  4:24  SCV  
  46  4:28  Marine  
  41  4:32  Siege Tank  
  44  4:40  Orbital Command  
  44  4:43  SCV  
  45  4:48  Marine x2  
  47  5:00  SCV  
  47  5:01  Banshee  
  47  5:05  Marine  
  47  5:06  Marine  
  52  5:09  Siege Tank  
  52  5:10  Orbital Command  
  52  5:12  SCV  
  54  5:23  Marine x2  
  54  5:24  SCV  
  57  5:37  SCV  
  57  5:40  Orbital Command  
  57  5:41  Marine x2  
  59  5:47  Raven  
  61  5:55  SCV  
  62  5:57  Barracks  
  62  5:59  Marine  
  62  6:03  Marine  
  64  6:12  SCV x2  
  64  6:14  Supply Depot  
  66  6:25  SCV  
  67  6:27  SCV  
  67  6:29  Barracks  
  67  6:32  Engineering Bay  
  68  6:34  Marine  
  68  6:35  Stimpack  
  68  6:36  Factory Tech Lab  
  68  6:37  SCV  
  70  6:40  SCV  
  70  6:45  Bunker  
  68  6:49  Supply Depot  
  68  6:51  Starport  
  68  6:52  SCV  
  70  6:58  Terran Infantry Weapons Level 1  
  70  6:59  Marauder  
  71  7:02  Supply Depot  
  71  7:05  SCV x2  
  71  7:07  Marauder  
  75  7:11  Factory Reactor  
  75  7:16  Marine x2  
  75  7:18  SCV x2  
  75  7:19  Refinery  
  79  7:23  Supply Depot  
  79  7:24  Marauder  
  79  7:25  Supply Depot  
  81  7:30  SCV x2  
  81  7:35  Marine x2  
  83  7:40  Marine  
  83  7:42  SCV  
  85  7:45  Marine  
  85  7:47  Refinery  
  85  7:48  SCV  
  87  7:53  Marine, Medivac x2  
  87  7:54  Marine  
  87  7:56  Factory Reactor  
  87  7:57  Marine, SCV  
  95  8:02  Supply Depot  
  95  8:05  Marauder  
  97  8:07  SCV  
  97  8:12  Combat Shield  
  98  8:15  Marine x2  
  98  8:16  Marauder  
  104  8:21  Missile Turret  
  102  8:27  Marauder, Supply Depot  
  102  8:32  Widow Mine x2  
  108  8:34  Marine x2  
  109  8:42  Medivac x2  
  109  8:43  Marine  
  114  8:50  Concussive Shells, Marauder  
  114  8:52  Command Center  
  116  8:56  Marine x2  
  116  9:00  Widow Mine  
  116  9:01  Marauder, Liberator  
  122  9:06  Widow Mine  
  122  9:07  Supply Depot  
  124  9:12  Liberator  
  124  9:13  Marine  
  126  9:29  Marine x2, Supply Depot  
  126  9:30  Widow Mine  
  133  9:32  Marine  
  134  9:39  Marine  
  129  9:48  SCV, Orbital Command  
  129  9:51  Marine x2  
  126  9:56  Widow Mine x2  
  126  10:00  SCV  
  115  10:10  Medivac  
  115  10:12  Medivac  
  113  10:17  Marine x2  
  113  10:18  Widow Mine x2  
  118  10:25  Marauder  
  118  10:26  Marauder  
  122  10:35  Marine x2  
  123  10:41  SCV  
  123  10:45  SCV  
  122  10:53  Marine x2  
  122  10:56  Marine, Marauder  
  128  11:00  Widow Mine  
  128  11:01  Widow Mine  
  131  11:08  Medivac  
  126  11:15  Marine x2, Marauder  
  130  11:19  Orbital Command  
  130  11:24  Marine  
  131  11:30  Widow Mine x2  
  135  11:33  SCV  
  135  11:34  SCV  
Show
View Real Time Build Order
Export as new Build Order

Classic Protoss 

Build Orders: 1 Gate Expand 

Get SALT Encoding   

  12  0:00  Probe  
  13  0:12  Probe  
  14  0:18  Pylon  
  14  0:24  Probe  
  15  0:32  Probe  
  15  0:37  Gateway  
  15  0:40  Probe  
  16  0:46  Assimilator  
  17  0:51  Probe  
  18  1:03  Probe  
  19  1:25  Cybernetics Core  
  19  1:32  Nexus  
  19  1:36  Zealot  
  21  1:45  Pylon  
  21  1:48  Probe  
  22  1:54  Assimilator  
  22  1:55  Adept  
  22  2:00  Probe  
  25  2:11  Warp Gate  
  25  2:12  Probe  
  26  2:22  Stalker  
  28  2:25  Probe  
  29  2:38  Probe  
  29  2:40  Robotics Facility  
  30  2:48  Probe  
  30  2:50  Probe  
  30  2:52  Stalker  
  30  2:57  Probe  
  30  2:58  Probe  
  35  3:06  Probe  
  35  3:07  Probe  
  38  3:23  Warp Prism  
  36  3:28  Gateway  
  36  3:30  Gateway  
  38  3:39  Stalker  
  40  3:47  Pylon  
  40  3:49  Probe  
  40  3:52  Probe  
  42  4:01  Observer  
  37  4:23  Stalker  
  37  4:24  Stalker x2  
  37  4:34  Probe x2  
  39  4:49  Stalker x2  
  39  4:50  Observer, Stalker  
  45  4:54  Probe  
  47  5:00  Shield Battery  
  47  5:05  Probe  
  47  5:06  Probe  
  49  5:18  Adept x2  
  53  5:26  Pylon  
  53  5:39  Probe  
  54  5:44  Probe, Pylon  
  55  5:52  Observer  
  55  5:55  Probe x2  
  56  6:01  Pylon  
  56  6:03  Probe x2  
  58  6:07  Stalker  
  59  6:12  Probe x2  
  61  6:24  Probe x2  
  63  6:36  Probe x2  
  64  6:45  Probe x2  
  64  6:49  Twilight Council  
  64  6:51  Forge  
  64  6:53  Probe x2  
  68  7:03  Probe x2  
  68  7:07  Resonating Glaives, Pylon  
  70  7:09  Stalker  
  70  7:10  Stalker  
  74  7:15  Pylon  
  74  7:17  Assimilator  
  74  7:21  Probe x2  
  76  7:26  Protoss Ground Armor Level 1  
  76  7:33  Probe x2  
  75  7:45  Nexus, Probe x2  
  77  7:57  Probe x2  
  79  8:01  Gateway  
  79  8:05  Gateway  
  79  8:08  Gateway  
  79  8:11  Probe x2  
  81  8:18  Gateway  
  81  8:19  Gateway  
  81  8:27  Sentry, Adept x2  
  83  8:31  Pylon  
  83  8:33  Probe  
  88  8:34  Probe  
  89  8:51  Adept x3  
  89  8:52  Probe x2  
  89  8:54  Pylon  
  97  8:59  Blink  
  97  9:07  Observer  
  100  9:15  Protoss Ground Weapons Level 1  
  100  9:16  Stalker  
  99  9:17  Stalker  
  99  9:19  Adept x5  
  99  9:20  Adept  
  113  9:28  Pylon  
  113  9:29  Pylon  
  111  9:45  Adept x5  
  114  9:54  Adept x3  
  80  10:08  Adept x3  
  80  10:09  Adept x2  
  66  10:22  Adept x3  
  70  10:33  Adept x2  
  74  10:41  Adept x2  
  74  10:52  Probe x3  
  77  10:58  Stalker x2  
  81  11:05  Probe x3  
  82  11:13  Probe x3  
  85  11:20  Adept x3  
  86  11:41  Adept x4  

Tags
 
Add a new tag
Caveats
  • Supply blocks, unpowered buildings, or Contaminate may cause inaccurate times.
  • Supply counts are checked every 10 seconds.